 Dungeon Crawl Stone Soup version 0.27-a0-1196-g3e9cee4cb2 (webtiles) character file.

Game seed: 11370313641432160835

1425 karkarkar the Cleaver (level 8, 0/73 HPs)
             Began as a Minotaur Berserker on May 27, 2021.
             Was a Priest of Trog.
             Shot with an arrow by a centaur (2 damage)
             ... on level 5 of the Dungeon.
             The game lasted 00:11:07 (5003 turns).

karkarkar the Cleaver (Minotaur Berserker)          Turns: 5003, Time: 00:11:08

Health: 0/73       AC:  4    Str: 22    XL:     8   Next: 44%
Magic:  7/7        EV: 14    Int:  4    God:    Trog [***...]
Gold:   186        SH:  0    Dex: 18    Spells: 7/7 levels left

rFire    . . .     SeeInvis .   u - +3 dire flail
rCold    . . .     Faith    .   (shield currently unavailable)
rNeg     + . .     Spirit   .   q - +2 robe {rN+}
rPois    .         Reflect  .   (helmet restricted)
rElec    +         Harm     .   (no cloak)
rCorr    +         Rampage  .   (no gloves)
Will     +++..                  (no boots)
Stlth    ++........             a - amulet of Tempters {rElec Regen+ rCorr}
HPRegen  2.22/turn              c - ring of willpower
MPRegen  0.10/turn              k - +6 ring of dexterity

@: strong-willed, on berserk cooldown, regenerating, slowed, very slow
A: horns 2, retaliatory headbutt
a: Renounce Religion, Berserk, Trog's Hand


You were on level 5 of the Dungeon.
You worshipped Trog.
Trog was most pleased with you.
You visited 1 branch of the dungeon, and saw 5 of its levels.

You collected 186 gold pieces.

Inventory:

Hand Weapons
 l - a +2 vampiric short sword
 u - a +3 dire flail (weapon)
 v - a +7 spear of freezing
Armour
 q - a +2 robe of positive energy (worn)
 r - a +3 leather armour of cold resistance
Jewellery
 a - the amulet of Tempters (around neck) {rElec Regen+ rCorr}
   (You acquired it on level 4 of the Dungeon)

   [amulet of regeneration]

   It insulates you from electricity.
   It increases your rate of health regeneration.
   It protects you from acid and corrosion.
 b - a +6 ring of intelligence
 c - a ring of willpower (left hand)
 k - a +6 ring of dexterity (right hand)
Wands
 d - a wand of acid (7)
Scrolls
 e - a scroll of fog
 f - 2 scrolls of noise
 j - a scroll of fear {unknown}
 n - a scroll of enchant armour {unknown}
 o - a scroll of vulnerability {unknown}
 p - a scroll of enchant weapon {unknown}
 y - a scroll of teleportation {unknown}
Potions
 g - a potion of cancellation {unknown}
 h - a potion of degeneration
 i - a potion of curing {unknown}
 m - a potion of mutation {unknown}
 s - a potion of haste {unknown}
 t - a potion of flight {unknown}
 w - a potion of attraction {unknown}
 x - a potion of lignification {unknown}
 z - a potion of berserk rage {unknown}


   Skills:
 + Level 7.0 Fighting
 + Level 1.9 Short Blades
 + Level 8.0(8.3) Axes
 + Level 2.7(5.7) Maces & Flails
 + Level 1.7(5.3) Polearms
 + Level 4.2 Armour
 + Level 4.5 Dodging
 + Level 3.0 Stealth


You had 7 spell levels left.
You didn't know any spells.
Your spell library was empty.

Dungeon Overview and Level Annotations

Branches:
Dungeon (5/15)             Temple (0/1) D:4

Altars:
Dithmenos
Elyvilon
Fedhas


Innate Abilities, Weirdness & Mutations

You have a pair of horns on your head.
You reflexively headbutt those who attack you in melee.


Message History

Trog accepts your kill.
The centaur shoots an arrow.
The arrow hits you! The arrow freezes you.
* * * LOW HITPOINT WARNING * * *
Your Fighting skill increases to level 7!
You are no longer berserk.
You are exhausted.
You feel yourself slow down.
The centaur unwields a +0 shortbow of freezing.
The centaur barely misses you. You furiously retaliate!
You headbutt the centaur. The centaur kicks you.
* * * LOW HITPOINT WARNING * * *
The gnoll hits you with a +0 club.
* * * LOW HITPOINT WARNING * * *
Items here: ))))) [[ ††††.
You barely miss the centaur.
The centaur is lightly wounded.
The centaur misses you. The centaur kicks you.
* * * LOW HITPOINT WARNING * * *
The gnoll barely misses you. The centaur hits you.
* * * LOW HITPOINT WARNING * * *
The centaur kicks you.
* * * LOW HITPOINT WARNING * * *
Press: ? - help, v - describe, . - travel, g - get item
Items here: ))))) [[ ††††.
The floor, spattered with blood.
Unknown command.
Unknown command.
As you read the scroll of fog, it crumbles to dust.
The scroll dissolves into smoke.
The centaur hits you.
* * * LOW HITPOINT WARNING * * *
The centaur kicks you.
* * * LOW HITPOINT WARNING * * *
The gnoll misses you. The centaur barely misses you. The centaur misses you.
The gnoll hits you with a +0 club.
* * * LOW HITPOINT WARNING * * *
The centaur wields a +0 shortbow of freezing.
It is covered in frost.
The centaur shoots an arrow.
The arrow hits you!
* * * LOW HITPOINT WARNING * * *
The arrow freezes you.
You die...

#.......)..#.....)[).#####
#.#....#+#.#.##...).......#
#.#..#+#.#...#.[#########.#
#........#####..#
#........#......#
#........#<####.#
#........### #...
#........§§# #.#...
#.......##@# #.#.....
.........##§# #.# ....
...##+#####cg§...# #### ...
o{####... ..g# ....# .....#
......# .......#


You could see a centaur and a gnoll.

Vanquished Creatures
  Grinder (D:3)
  Edmund (D:5)
  Duvessa (D:4)
  2 ogres
  A gnoll sergeant (D:5)
  3 scorpions
  Dowan (D:4)
  4 wights (D:4)
  A hound (D:4)
  An orc priest (D:5)
  Jessica (D:3)
  A bullfrog skeleton (D:5)
  Ijyb (D:5)
  Natasha (thrice) (D:3)
  An orc wizard (D:5)
  3 gnolls (D:5)
  3 adders
  An ufetubus (D:5)
  2 dart slugs
  A worm (D:3)
  7 orcs
  5 bats
  4 endoplasms
  3 giant cockroaches
  9 goblins
  9 hobgoblins
  12 jackals
  4 kobolds
  3 quokkas
  12 ball pythons
  2 frilled lizards (D:2)
  A quokka skeleton (D:4)
  10 rats
114 creatures vanquished.

Notes
Turn   | Place    | Note
-------+----------+-------------------------------------------
     0 | D:1      | karkarkar the Minotaur Berserker began the quest for the
                  | Orb.
     0 | D:1      | Reached XP level 1. HP: 19/19 MP: 0/0
    24 | D:1      | Reached XP level 2. HP: 14/27 MP: 1/1
   289 | D:1      | Reached skill level 4 in Axes
   899 | D:1      | Reached XP level 3. HP: 33/33 MP: 2/2
  1075 | D:1      | Found a faded altar of an unknown god.
  1378 | D:2      | Reached ** piety under Trog
  1955 | D:2      | Upgraded the game from 0.27-a0-1193-g8631133539 to
                  | 0.27-a0-1196-g3e9cee4cb2
  1975 | D:3      | Found a blossoming altar of Fedhas.
  1981 | D:3      | Reached XP level 4. HP: 37/41 MP: 3/3
  2015 | D:3      | Noticed Natasha
  2018 | D:3      | Killed Natasha
  2019 | D:3      | Reached skill level 5 in Fighting
  2170 | D:3      | Noticed Jessica
  2176 | D:3      | Killed Jessica
  2177 | D:3      | Reached skill level 5 in Axes
  2403 | D:3      | Noticed Natasha
  2423 | D:3      | Killed Natasha
  2424 | D:3      | Reached XP level 5. HP: 27/48 MP: 4/4
  2875 | D:3      | Noticed Natasha
  2881 | D:3      | Killed Natasha
  2882 | D:3      | Reached skill level 6 in Axes
  3102 | D:3      | Found a white marble altar of Elyvilon.
  3137 | D:3      | Noticed Grinder
  3143 | D:3      | Killed Grinder
  3144 | D:3      | Reached skill level 1 in Stealth
  3144 | D:3      | Reached XP level 6. HP: 57/57 MP: 5/5
  3506 | D:4      | Reached *** piety under Trog
  3522 | D:4      | Noticed Dowan
  3523 | D:4      | Noticed Duvessa
  3535 | D:4      | Killed Duvessa
  3536 | D:4      | Reached skill level 7 in Axes
  3536 | D:4      | Reached XP level 7. HP: 22/62 MP: 6/6
  3543 | D:4      | Killed Dowan
  4055 | D:4      | Reached skill level 1 in Short Blades
  4058 | D:4      | Found a staircase to the Ecumenical Temple.
  4351 | D:4      | Found a shadowy altar of Dithmenos.
  4773 | D:4      | Identified a scroll of acquirement
  4774 | D:4      | Acquired the amulet of Tempters {rElec Regen+ rCorr}
  4831 | D:5      | Entered Level 5 of the Dungeon
  4840 | D:5      | Noticed Edmund
  4846 | D:5      | Reached XP level 8. HP: 28/71 MP: 7/7
  4854 | D:5      | Killed Edmund
  4855 | D:5      | Reached skill level 1 in Polearms
  4856 | D:5      | Reached skill level 8 in Axes
  4856 | D:5      | Reached skill level 1 in Maces & Flails
  4927 | D:5      | Noticed Ijyb
  4930 | D:5      | Killed Ijyb
  5003 | D:5      | HP: 2/73 [centaur/arrow (10)]
  5003 | D:5      | Shot with an arrow by a centaur

Illustrated notes

Levels and vault maps discovered:
D:1:      minmay_arrival_shoal_huts, layout_basic, basic_ecumenical_altar,
          minmay_quantized
D:2:      layout_loops_cross
D:3:      minmay_recursive_quarters, layout_loops_corners, lemuel_doored_altar,
          fedhas_altar_1, grunt_decor_resistance, uniq_jessica, uniq_natasha,
          uniq_grinder
D:4:      layout_loops_ring, nicolae_dithmenos_shadow_blocks,
          minmay_temple_entry_statues_pillars, uniq_duvessa
D:5:      layout_basic, lemuel_tele_altar, minmay_puff, uniq_ijyb, uniq_edmund,
          uniq_blork_the_orc

Skill      XL: |  1  2  3  4  5  6  7  8 |
---------------+-------------------------+-----
Fighting       | 4 5 6 7 |  7.0
Axes           | 4 5 6 7 8 |  8.0
Dodging        | 3 4 |  4.5
Armour         | 3 4 |  4.2
Stealth        | 1 2 3 |  3.0
Short Blades   | 1 |  1.9
Polearms       | 1 |  1.7
Maces & Flails | 2 |  2.7

Action                   |  1- 3 |  4- 6 |  7- 9 || total
-------------------------+-------+-------+-------++-------
Melee: Hand axe          |    74 |    70 |     3 ||   147
       Headbutt          |    11 |    18 |    19 ||    48
       Short sword       |       |       |    26 ||    26
       Spear             |       |       |    14 ||    14
       Dire flail        |       |       |    38 ||    38
Invok: Berserk           |     1 |     2 |     3 ||     6
       Trog's Hand       |       |       |     2 ||     2
  Use: Scroll            |     2 |       |     3 ||     5
       Potion            |       |     1 |       ||     1
 Stab: Sleeping          |       |     4 |     2 ||     6
Armor: Animal skin       |     7 |       |       ||     7
       Leather armour    |       |     6 |       ||     6
       Robe              |       |       |    12 ||    12
Dodge: Dodged            |    52 |    44 |    74 ||   170

Table legend: (Time is in decaauts)
 A = Elapsed time spent in this place.
 B = Non-inter-level travel time spent in this place.
 C = Inter-level travel time spent in this place.
 D = Time resting spent in this place.
 E = Time spent auto-exploring this place.
 F = Levels seen in this place.
 G = Mean time per level.
                   A        B        C        D        E       F      G
               +--------+--------+--------+--------+--------+-----+--------+
         Total |   5064 |   5064 |      0 |    246 |   3984 |   5 | 1012.8 |
       Dungeon |   5064 |   5064 |      0 |    246 |   3984 |   5 | 1012.8 |
               +--------+--------+--------+--------+--------+-----+--------+

Top non-repeatable levels by time:
     D:3: 1513 daAuts
     D:4: 1398 daAuts
     D:1: 1127 daAuts
     D:2: 854 daAuts
     D:5: 171 daAuts
